Description

Dark v Maru: Игра 3 - Blackpink LE Copy

Replay - Dark v Maru: Game 3 - Blackpink LE

Build Order

Get SALT Encoding   

  12  0:00  SCV  
  13  0:13  SCV  
  14  0:17  Supply Depot  
  14  0:25  SCV  
  15  0:39  SCV  
  15  0:41  Barracks  
  16  0:43  Refinery  
  16  0:51  SCV  
  17  1:03  SCV  
  18  1:15  SCV  
  19  1:27  Reaper, Orbital Command  
  20  1:39  Command Center  
  20  1:48  Supply Depot  
  20  1:53  SCV  
  21  1:59  Marine  
  22  2:03  Factory  
  22  2:06  SCV  
  23  2:11  Refinery  
  23  2:18  SCV  
  23  2:20  Barracks Reactor  
  26  2:48  Starport  
  26  2:50  Orbital Command  
  27  3:01  Hellion x2  
  27  3:02  Barracks Tech Lab  
  27  3:04  Supply Depot  
  34  3:30  Viking  
  40  3:37  Barracks Tech Lab  
  40  3:41  Supply Depot  
  40  3:45  Liberator  
  40  3:52  Command Center  
  45  4:04  Stimpack  
  45  4:05  Supply Depot  
  47  4:15  Barracks x2  
  47  4:21  Factory Reactor  
  49  4:32  Engineering Bay x2  
  51  4:39  Marine  
  53  4:52  Refinery  
  54  4:53  Starport Reactor  
  54  4:57  Marine  
  56  5:03  Siege Tank  
  56  5:04  Marine  
  56  5:05  Orbital Command  
  61  5:11  Terran Infantry Weapons Level 1  
  61  5:12  Marine x4  
  66  5:21  Refinery  
  66  5:24  Terran Infantry Armor Level 1  
  66  5:27  Orbital Command  
  66  5:28  Marine x2  
  66  5:34  Medivac  
  71  5:41  Medivac  
  81  5:54  Siege Tank  
  89  6:07  Combat Shields  
  93  6:24  Medivac x2  
  100  6:32  Armory  
  112  6:51  Siege Tank  
  118  7:01  Barracks x2  
  119  7:19  Medivac x2  
  130  7:31  Siege Tank  
  133  7:43  Refinery x2  
  130  7:44  Terran Infantry Weapons Level 2, Terran Infantry Armor Level 2  
  138  8:03  Siege Tank  
  135  8:26  Command Center  
  135  8:34  Barracks Reactor x2  
  140  8:35  Siege Tank  
  144  8:48  Terran Vehicle Weapons Level 1  
  150  8:56  Action x4  
  150  9:00  Liberator x2  
  150  9:07  Siege Tank  
  159  9:18  Barracks  
  159  9:19  Factory  
  167  9:40  Siege Tank  
  173  10:00  Medivac x2  
  172  10:09  Factory Tech Lab  
  172  10:12  Siege Tank  
  176  10:16  Barracks Tech Lab  
  176  10:18  Barracks x2  
  149  10:33  Medivac x2  
  154  10:44  Siege Tank  
  154  10:48  Planetary Fortress  
  161  10:50  Sensor Tower  
  170  11:14  Command Center  
  175  11:21  Barracks Tech Lab  
Spawning Tool Build Advisor. Get it on Overwolf

Go to:

Details

  • Created by: Artur
  • Published on: Apr 20, 2018
  • Modified on: Apr 20, 2018
  • Patch: 4.0.0
Show
View Real Time Build Order
Export as new Build Order

Comments (0)

There are no comments. Be the first!

Create an account to comment!